 Dungeon Crawl Stone Soup version 0.20.1-1-g8b1a95d66d (webtiles) character file.

2941 Kublaii the Spear-Bearer (level 9, -7/75 HPs)
             Began as a Hill Orc Fighter on Nov 27, 2017.
             Was a Follower of Beogh.
             Mangled by a death knight
             ... wielding a +3 great mace
              (30 damage)
             ... on level 9 of the Dungeon on Nov 28, 2017.
             The game lasted 01:08:39 (6531 turns).

Kublaii the Spear-Bearer (Hill Orc Fighter)         Turns: 6531, Time: 01:08:40

Health: -7/75      AC:  8    Str: 23      XL:     9   Next: 80%
Magic:  18/18      EV: 13    Int:  8      God:    Beogh [*.....]
Gold:   142        SH: 10    Dex: 14 (15) Spells: 8/8 levels left

rFire    + . .     SeeInvis .   a - +2 trident
rCold    + + .     Gourm    .   r - +0 shield
rNeg     . . .     Faith    .   K - +2 leather armour {rF+}
rPois    .         Spirit   .   u - +2 helmet of the Pirate {rC++ MR+ Dex+4 Slay+2}
rElec    .         Reflect  .   R - scarf {repulsion}
rCorr    .         Harm     .   (no gloves)
MR       +....     Rnd*Tele +   (no boots)
Stlth    +.........             (no amulet)
Regen    0.3/turn               F - ring of magical power
MPRegen  0.2/turn               H - ring of teleportation (curse)

@: very slightly contaminated, repel missiles
A: strong 1
a: Renounce Religion


You were on level 9 of the Dungeon.
You worshipped Beogh.
Beogh was aware of your devotion.
You were hungry.

You visited 1 branch of the dungeon, and saw 9 of its levels.

You collected 554 gold pieces.
You spent 412 gold pieces at shops.

Inventory:

Hand Weapons
 a - a +2 trident (weapon)
 b - a +0 hunting sling of flaming
 c - a +2 short sword of draining
 v - a +0 blowgun
 M - a +0 halberd
Missiles
 k - 282 stones
 m - 4 tomahawks (quivered)
 x - 3 curare-tipped needles
 J - 37 sling bullets
Armour
 r - a +0 shield (worn)
 s - a +1 leather armour of cold resistance
 u - the +2 helmet of the Pirate (worn) {rC++ MR+ Dex+4 Slay+2}
   (You took it off Robin on level 3 of the Dungeon)

   It affects your dexterity (+4).
   It affects your accuracy and damage with ranged weapons and melee attacks
   (+2).
   It greatly protects you from cold.
   It affects your resistance to hostile enchantments.
 I - a +1 cloak
 K - a +2 leather armour of fire resistance (worn)
 R - a scarf of repulsion (worn)
Jewellery
 F - a ring of magical power (left hand)
 H - a cursed ring of teleportation (right hand)
Wands
 h - a wand of random effects (29/48)
 j - a wand of digging (9/24)
 L - a wand of flame (20/48)
 Q - a wand of acid (8/15)
Scrolls
 e - 7 scrolls of teleportation
 g - 4 scrolls of remove curse
 i - a scroll of fear {unknown}
 l - a scroll of noise
 n - a scroll of amnesia {unknown}
 o - 7 scrolls of identify
 p - 2 scrolls of immolation
 y - a scroll of enchant armour {unknown}
 G - a scroll of recharging
 P - a scroll of fog {unknown}
Potions
 d - 3 potions of flight
 z - a potion of heal wounds
 A - 3 potions of degeneration
 B - a potion of cancellation
 D - 3 potions of curing
 E - a potion of invisibility
 N - a potion of haste {unknown}
 O - a potion of resistance {unknown}
 S - a potion of brilliance {unknown}
Books
 q - a book of Cantrips

   Spells                             Type                      Level
   a - Confusing Touch                Hexes                        1
   b - Animate Skeleton               Necromancy                   1
   c - Summon Small Mammal            Summoning                    1
   d - Apportation                    Translocation                1
Comestibles
 f - 7 bread rations
 t - 19 fruits
 w - 5 royal jellies
 C - 2 meat rations


   Skills:
 + Level 6.2 Fighting
 - Level 4.1 Short Blades
 - Level 9.1 Polearms
 - Level 5.0 Armour
 + Level 5.7 Dodging
 - Level 5.0 Shields


You had 8 spell levels left.
You didn't know any spells.

Dungeon Overview and Level Annotations

Branches:
Dungeon (9/15)             Temple (0/1) D:7            Lair (0/6) D:8
    Orc: D:9-12

Altars:

Shops:
D:7 ?


Innate Abilities, Weirdness & Mutations

Your muscles are strong. (Str +2)


Message History

You flicker for a moment.
The death knight hits you with an enchanted great mace!!
You catch the helpless death knight completely off-guard!
You hit the death knight but do no damage.
The death knight is moderately wounded.
The death knight hits you with an enchanted great mace!
* * * LOW HITPOINT WARNING * * *
You closely miss the death knight.
The death knight is moderately wounded.
You hit the death knight.
The death knight is moderately wounded.
You block the death knight's attack.
You closely miss the death knight.
The death knight is moderately wounded.
You block the death knight's attack.
You hit the death knight.
The death knight is moderately wounded.
You flicker back into view.
The death knight hits you with an enchanted great mace!!
You die...

# . .... .. ..$
##.#########.##
.......##.....#### ##
##..##.###....#
?###.#.##.#?#.##@# #
#.#.##.#....../#p##.#
##.###...##.5.##5Z..#
#.#.##.#.#(?.....##...#
.###.#.#5##.#$#.## ..#
## ###.#....###.# ...
.......####.....# .#
##.##### ##.#### # # .#


You could see a death knight, a crimson imp and a bullfrog skeleton.

Vanquished Creatures
  A hippogriff (D:8)
  Sigmund (D:2)
  Eustachio (D:6)
  The ghost of tensugalgo the Poker, an amateur DrMo (D:3)
  Duvessa (D:6)
  2 black bears
  A sky beast (D:6)
  An orc warrior (D:8)
  2 phantoms
  A centaur (D:7)
  2 ogres
  3 bullfrogs
  Dowan (D:6)
  A water moccasin skeleton (D:5)
  4 crimson imps
  A quasit (D:9)
  A bullfrog zombie (D:5)
  7 hounds
  A centaur skeleton (D:6)
  3 orc priests
  A jelly (D:8)
  Crazy Yiuf (D:6)
  Terence (D:3)
  3 iguanas
  5 worker ants
  An orc wizard (D:5)
  A killer bee zombie (D:8)
  A hound skeleton (D:5)
  Robin (D:3)
  A howler monkey skeleton (D:4)
  4 gnolls (D:4)
  10 adders
  2 adder skeletons (D:4)
  A worm (D:3)
  2 leopard geckos
  16 orcs
  8 bats
  2 giant cockroaches
  18 goblins
  17 hobgoblins
  2 jackals (D:3)
  6 quokkas
  A ball python (D:5)
  3 frilled lizards
  A jackal skeleton (D:9)
  14 kobolds
  A leopard gecko skeleton (D:5)
  A quokka skeleton (D:5)
  7 rats
168 creatures vanquished.

Vanquished Creatures (others)
  2 orc priests (D:5)
2 creatures vanquished.

Grand Total: 170 creatures vanquished

Notes
Turn   | Place    | Note
-------+----------+-------------------------------------------
     0 | D:1      | Kublaii the Hill Orc Fighter began the quest for the Orb.
     0 | D:1      | Reached XP level 1. HP: 19/19 MP: 1/1
   403 | D:1      | Reached XP level 2. HP: 27/27 MP: 2/2
   974 | D:2      | Reached XP level 3. HP: 34/34 MP: 3/3
   980 | D:2      | Noticed Sigmund
  1013 | D:2      | Killed Sigmund
  1013 | D:2      | Reached skill level 5 in Fighting
  1013 | D:2      | Reached XP level 4. HP: 9/44 MP: 4/4
  1013 | D:2      | Reached XP level 5. HP: 11/50 MP: 5/5
  1430 | D:2      | Reached skill level 1 in Polearms
  1672 | D:2      | Reached XP level 6. HP: 46/57 MP: 6/6
  1787 | D:3      | Noticed Terence
  1794 | D:3      | Killed Terence
  1796 | D:3      | Noticed Robin
  1802 | D:3      | Noticed tensugalgo's ghost (amateur DrMo)
  1803 | D:3      | Killed Robin
  1834 | D:3      | Killed tensugalgo's ghost
  1834 | D:3      | Reached skill level 2 in Polearms
  1836 | D:3      | Reached skill level 3 in Polearms
  1847 | D:3      | Got an encrusted helmet
  1853 | D:3      | Identified the +2 helmet of the Pirate {rC++ MR+ Dex+4 Slay+2} (You took it off Robin on level 3 of the Dungeon)
  1896 | D:3      | Gained mutation: Your muscles are strong. (Str +2) [mutagenic glow]
  1958 | D:3      | Reached XP level 7. HP: 45/62 MP: 7/7
  2284 | D:3      | Reached skill level 5 in Armour
  2794 | D:4      | Reached skill level 4 in Polearms
  3372 | D:5      | Entered Level 5 of the Dungeon
  3385 | D:5      | Reached skill level 5 in Polearms
  3385 | D:5      | Reached skill level 5 in Shields
  3416 | D:5      | Reached skill level 1 in Dodging
  3416 | D:5      | Reached XP level 8. HP: 52/70 MP: 8/8
  3494 | D:5      | Became a worshipper of Beogh the Brigand
  3961 | D:5      | Reached skill level 6 in Polearms
  4117 | D:6      | Noticed Dowan
  4120 | D:6      | Noticed Eustachio
  4123 | D:6      | Noticed Duvessa
  4285 | D:6      | Killed Eustachio
  4285 | D:6      | Reached skill level 7 in Polearms
  4378 | D:6      | Killed Duvessa
  4400 | D:6      | Killed Dowan
  4400 | D:6      | Reached XP level 9. HP: 31/75 MP: 9/9
  4507 | D:6      | Reached * piety under Beogh
  4861 | D:6      | Found a runed door.
  5047 | D:6      | Noticed Crazy Yiuf
  5054 | D:6      | Killed Crazy Yiuf
  5275 | D:7      | Reached skill level 8 in Polearms
  5289 | D:7      | Found a staircase to the Ecumenical Temple.
  5447 | D:7      | Found Osew Seemp's Magic Scroll Emporium.
  5461 | D:7      | Bought a scroll of brand weapon for 300 gold pieces
  5461 | D:7      | Bought a scroll of enchant weapon for 112 gold pieces
  5878 | D:8      | Reached skill level 5 in Dodging
  5983 | D:8      | Reached skill level 9 in Polearms
  6260 | D:8      | Found a staircase to the Lair.
  6490 | D:9      | Noticed a death knight
  6531 | D:9      | Mangled by a death knight

Skill      XL: |  1  2  3  4  5  6  7  8  9 |
---------------+----------------------------+-----
Fighting       | 4 5 6 |  6.2
Short Blades   | 4 |  4.1
Polearms       | 1 3 5 7 9 |  9.1
Armour         | 4 5 |  5.0
Shields        | 5 |  5.0
Dodging        | 1 3 5 |  5.7

Action                   |  1- 3 |  4- 6 |  7- 9 || total
-------------------------+-------+-------+-------++-------
Melee: Rapier            |    37 |       |       ||    37
       Short sword       |    14 |       |       ||    14
       Scythe            |       |   123 |       ||   123
       Trident           |       |     6 |   371 ||   377
 Fire: Hunting sling     |    42 |     9 |   132 ||   183
Throw: Stone             |     3 |    16 |       ||    19
       Tomahawk          |       |       |     5 ||     5
Invok: Convert to Beogh  |       |       |     1 ||     1
Evoke: Wand              |       |       |     2 ||     2
  Use: Scroll            |     1 |     1 |     9 ||    11
       Potion            |     1 |     3 |     5 ||     9
 Stab: Invisible         |       |       |     3 ||     3
  Eat: Chunk             |       |     4 |    14 ||    18
Armor: Scale mail        |    10 |       |       ||    10
       Chain mail        |    19 |   148 |    44 ||   211
       Skin              |       |     9 |       ||     9
       Leather armour    |       |       |    84 ||    84
Dodge: Dodged            |    12 |   107 |   129 ||   248
Block: Shield            |    19 |     2 |   174 ||   195
